 Dungeon Crawl Stone Soup version 0.31-a0-692-gf03d1854d5 (webtiles) character file.

Game seed: 5074278583068614275

84 qw the Shooter (level 4, -1/28 HPs)
             Began as a Gargoyle Hunter on Sept 6, 2023.
             Slain by Terence
             ... wielding a +0 flail
              (6 damage)
             ... on level 2 of the Dungeon.
             The game lasted 00:00:26 (852 turns).

qw the Shooter (Gargoyle Hunter)                     Turns: 852, Time: 00:00:27

Health: -1/28      AC:  8    Str: 15    XL:     4   Next: 46%
Magic:  4/4        EV: 12    Int:  9    God:
Gold:   105        SH:  0    Dex: 21    Spells: 3/3 levels left

rFire   . . .        Y - +0 shortbow
rCold   + + .        (shield currently unavailable)
rNeg    + . .        k - +2 leather armour {rC+}
rPois   inf          (no helmet)
rElec   +            (no cloak)
rCorr   .            (no gloves)
SInv    .            (no boots)
Will    .....        (no amulet)
Stlth   ++           g - +6 ring of dexterity
HPRegen 0.24/turn    m - ring of protection from cold
MPRegen 0.09/turn

%: no passive effects
@: about to teleport
A: sickness immunity, AC +3, negative energy resistance 1, electricity
resistance, torment resistance 1, petrification resistance
a: no special abilities


You were on level 2 of the Dungeon.
You visited 1 branch of the dungeon, and saw 2 of its levels.

You collected 105 gold pieces.


Innate Abilities, Weirdness & Mutations

You are immune to sickness and miasma.
Your stone body is resilient. (AC +3)
You are immune to poison.
You resist negative energy. (rN+)
You are resistant to electric shocks. (rElec)
You are resistant to unholy torment.
You are immune to petrification.


   Skills:
 - Level 3.4 Fighting
 + Level 5.2 Ranged Weapons
 - Level 1.5 Dodging
 - Level 1.1 Stealth


You had 3 spell levels left.
You didn't know any spells.
Your spell library was empty.

Inventory:

Hand Weapons
 Y - a +0 shortbow (weapon)
Armour
 k - a +2 leather armour of cold resistance (worn)
Jewellery
 g - a +6 ring of dexterity (left hand)
 m - a ring of protection from cold (right hand)
Scrolls
 c - a scroll of identify {unknown}
 h - a scroll of fear {unknown}
Potions
 a - a potion of attraction {unknown}
 b - a potion of ambrosia {unknown}
 e - a potion of brilliance {unknown}
 f - a potion of heal wounds {unknown}
 l - a potion of might {unknown}

Dungeon Overview and Level Annotations

Branches:
Dungeon (2/15)

Altars:

Shops:
D:1 (

Annotations:
D:2 Terence


Message History

The adder hisses angrily.
The adder is severely wounded.
You shoot an arrow. The arrow hits the adder!
You kill the adder!
Terence the Incautious comes into view.
He is wielding a +0 flail.
Terence shouts!
You see here 10 gold pieces.
You shoot an arrow.
The arrow hits Terence but does no damage.
You shoot an arrow. The arrow barely misses Terence.
Terence hits you but does no damage.
You shoot an arrow. The arrow hits Terence.
Terence is lightly wounded.
Terence barely misses you. Terence closely misses you.
You shoot an arrow.
The arrow hits Terence but does no damage.
Terence is lightly wounded.
Terence hits you with a +0 flail.
You shoot an arrow. The arrow hits Terence.
Terence is lightly wounded.
Terence hits you but does no damage.
You shoot an arrow. The arrow hits Terence!
Terence is heavily wounded.
Terence misses you.
You shoot an arrow. The arrow barely misses Terence.
Terence closely misses you.
You shoot an arrow. The arrow hits Terence.
Terence is severely wounded.
Terence hits you with a +0 flail! Terence says, "How do you enjoy it?"
Terence misses you.
You shoot an arrow.
The arrow hits Terence but does no damage.
Terence is severely wounded.
Terence hits you with a +0 flail!
852 ||| READING scroll of teleportation.
As you read the scroll of teleportation, it crumbles to dust.
You feel strangely unstable. Terence hits you with a +0 flail.
You die...

#...........>..... #.
#.....##.####.####
#.#.###.....##.# #...##
............##.######.##
.#.###.....##........#
...#......#.....####
#.#......#.###......
#.%.#.##...# #..####
###@#.###### #%.#
......@.#.# #..#
##....$.#.# ...#
#....... .... ######.#
.... #.# ... #.#


You could see Terence.

Vanquished Creatures
  An orc priest (D:2)
  An adder (D:2)
  A worm (D:2)
  A dart slug (D:1)
  An orc (D:2)
  2 ball pythons (D:1)
  6 bats
  3 endoplasms
  A goblin (D:1)
  5 hobgoblins
  4 jackals (D:1)
  3 quokkas
  A frilled lizard (D:1)
  2 kobolds (D:1)
  4 rats (D:1)
36 creatures vanquished.

Notes
Turn   | Place    | Note
-------+----------+-------------------------------------------
     0 | D:1      | qw the Gargoyle Hunter began the quest for the Orb.
     0 | D:1      | Reached XP level 1. HP: 12/12 MP: 1/1
     0 | D:1      | 0 ||| qw: Version: 0.3-a-76-g4403597
     0 | D:1      | 0 ||| qw: Game counter: 128
     0 | D:1      | 0 ||| qw: Melee chars always use a shield: true
     0 | D:1      | 0 ||| qw: God list: Okawaru
     0 | D:1      | 0 ||| qw: Allow faded altars: false
     0 | D:1      | 0 ||| qw: Do Orc after clearing Dungeon:15 true
     0 | D:1      | 0 ||| qw: Do second Lair branch before Depths: true
     0 | D:1      | 0 ||| qw: Lair rune preference: random
     0 | D:1      | 0 ||| qw: Goals: Normal
     0 | D:1      | 0 ||| PLANNING D:1-11
    57 | D:1      | Reached XP level 2. HP: 15/17 MP: 2/2
   113 | D:1      | Found Reaveoqas's Weapon Emporium.
   149 | D:1      | Found a faded altar of an unknown god.
   307 | D:1      | Reached XP level 3. HP: 18/21 MP: 3/3
   350 | D:1      | Reached skill level 5 in Ranged Weapons
   639 | D:1      | 639 ||| UPGRADING to +2 leather armour of cold resistance.
   649 | D:1      | 649 ||| DROPPING +0 leather armour.
   650 | D:1      | 650 ||| UPGRADING to +6 ring of dexterity.
   651 | D:1      | 651 ||| UPGRADING to ring of protection from cold.
   652 | D:1      | 652 ||| READING scroll labelled ZOSEJA OK LOTOL.
   653 | D:1      | 653 ||| READING scroll labelled INTI DE POCK.
   654 | D:1      | 654 ||| READING scroll labelled CAC HEGIDAUSEM.
   658 | D:1      | 658 ||| READING scroll labelled QITHAECKIA.
   659 | D:1      | 659 ||| DROPPING scroll of butterflies.
   688 | D:2      | Reached skill level 3 in Fighting
   688 | D:2      | Reached XP level 4. HP: 13/28 MP: 4/4
   842 | D:2      | Noticed Terence
   851 | D:2      | HP: 5/28 [Terence/+0 flail (11)]
   852 | D:2      | 852 ||| READING scroll of teleportation.
   852 | D:2      | Slain by Terence

Levels and vault maps discovered:
D:1:      sevenhm_arrival_forest_fort_large_4, layout_rooms,
          ebering_ecumenical_altar_sacrificial, serial_shops,
          nicolae_shop_statue_plus, minmay_ruptured
D:2:      layout_basic, basic_altar, minmay_misc_feat_roman,
          minmay_small_reverse_x, uniq_terence

Skill      XL: |  1  2  3 |
---------------+----------+-----
Ranged Weapons | 5 |  5.2
Fighting       | 3 |  3.4
Dodging        | |  1.5
Stealth        | |  1.1

Action                     |  1- 3 |  4- 6 || total
---------------------------+-------+-------++-------
   Fire: Shortbow          |    83 |    25 ||   108
    Use: Scroll            |     4 |     1 ||     5
 Armour: Leather armour    |    22 |     8 ||    30
  Dodge: Dodged            |    30 |     7 ||    37

Table legend:
 A = Non-vault XP
 B = Vault XP
 C = Vault XP percentage of total XP
 D = Non-vault monster count
 E = Vault monster count
 F = Vault count percentage of total count
                 A         B        C        D         E       F
            +---------+---------+-------+---------+---------+-------
      Total |     100 |      21 |  17.4 |      28 |       8 |  22.2
            +---------+---------+-------+---------+---------+-------
        D:1 |      39 |      10 |  20.4 |      23 |       4 |  14.8
        D:2 |      61 |      11 |  15.3 |       5 |       4 |  44.4
            +---------+---------+-------+---------+---------+-------
